Workbook

Sheet Expenses Form
D1: EXPENSES CLAIM & RECONCILIATION FORM
D2: (2026-27 v2)
D3: GRAFTON DISTRICT SCOUT COUNCIL
A5: NAME: | E5: ROLE / EVENT:
A6: SEPARATE FORM FOR EACH ROLE OR EVENT
B8: All amounts are automatically updated from the relevant Detail Sheet
B9: SUMMARY (please complete the separate detail sheet for all items claimed) | G9: EXPENSES AMOUNT
B10: MILEAGE | G10: =SUM('Detail Sheet'!K4:K63) -> 0
B11: TRAVEL | G11: =SUM('Detail Sheet'!L4:M63) -> 0
B12: POSTAGE | G12: =SUM('Detail Sheet'!N4:N63) -> 0
B13: TELEPHONE | G13: =SUM('Detail Sheet'!O4:O63) -> 0
B14: HOSPITALITY | G14: =SUM('Detail Sheet'!P4:P63) -> 0
B15: STATIONERY | G15: =SUM('Detail Sheet'!Q4:Q63) -> 0
B16: COURSE FEES | G16: =SUM('Detail Sheet'!R4:R63) -> 0
B17: OTHER EXPENSES | G17: =SUM('Detail Sheet'!S4:S63) -> 0
B18: CLAIM / RECONCILIATION | G18: =SUM(G10:G17) -> 0
B19: LESS ADVANCE RECEIVED (if appropriate)
B20: TOTAL AMOUNT PAYABLE | G20: =G18-G19 -> 0
A23: Signature of claimant: | F23: Date:
A24: Signature of authoriser: | F24: Date:
A25: Please complete in line with the District Financial Management Policy
A27: Claims should be made within 3 months of expenditure but must be submitted by the end of the financial year (31st March). Claims will normally be paid within 7 days of approval.
A30: A copy of the form should be emailed to the authoriser who will then send it to the Finance Team once approved. Receipts should be numbered as per the relevant row on the Detail Sheet, scanned into as few pages as possible and attached to the email. Please ensure that they are legible!
A32: or Print, sign and send to the authoriser with receipts

Sheet Detail Sheet
A1: Recipt No. | B1: Description | C1: Date | D1: Mileage | L1: Travel (receipt required) | N1: Postage (receipt required) | O1: Phone (receipt required) | P1: Hospitality (receipt required) | Q1: Stationery (receipt required) | R1: Course Fees (receipt required) | S1: Other (receipt required) | T1: Total | U1: Budget | V1: Activity | W1: Budget Holder | X1: Notes
D2: (55p per mile for Cars / Vans, 24p per mile motorcycle, 5p per passenger per mile)
D3: From (Postcode) | E3: To (Postcode) | F3: Vehicle Type | G3: Mileage Rate | H3: No. of Passengers | I3: Total Miles | J3: Passenger Amount (£) | K3: Total Amount | L3: Parking | M3: Public Transport
A4: 01 | G4: =IF(F4="Car / Van",0.55,(IF(F4="Motorcycle",0.24,""))) | J4: =(H4*0.05)*I4 -> 0 | K4: =IFERROR(SUM((G4*I4),J4),"") | T4: =SUM(K4:S4) -> 0 | W4: =IFERROR(VLOOKUP(U4,'Data Validation'!$A$1:$B$22,2,FALSE)," ")
A5: 02 | G5: =IF(F5="Car / Van",0.55,(IF(F5="Motorcycle",0.24,""))) | J5: =(H5*0.05)*I5 -> 0 | K5: =IFERROR(SUM((G5*I5),J5),"") | T5: =SUM(K5:S5) -> 0 | W5: =IFERROR(VLOOKUP(U5,'Data Validation'!$A$1:$B$22,2,FALSE)," ")
A6: 03 | G6: =IF(F6="Car / Van",0.55,(IF(F6="Motorcycle",0.24,""))) | J6: =(H6*0.05)*I6 -> 0 | K6: =IFERROR(SUM((G6*I6),J6),"") | T6: =SUM(K6:S6) -> 0 | W6: =IFERROR(VLOOKUP(U6,'Data Validation'!$A$1:$B$22,2,FALSE)," ")
A7: 04 | G7: =IF(F7="Car / Van",0.55,(IF(F7="Motorcycle",0.24,""))) | J7: =(H7*0.05)*I7 -> 0 | K7: =IFERROR(SUM((G7*I7),J7),"") | T7: =SUM(K7:S7) -> 0 | W7: =IFERROR(VLOOKUP(U7,'Data Validation'!$A$1:$B$22,2,FALSE)," ")
A8: 05 | G8: =IF(F8="Car / Van",0.55,(IF(F8="Motorcycle",0.24,""))) | J8: =(H8*0.05)*I8 -> 0 | K8: =IFERROR(SUM((G8*I8),J8),"") | T8: =SUM(K8:S8) -> 0 | W8: =IFERROR(VLOOKUP(U8,'Data Validation'!$A$1:$B$22,2,FALSE)," ")
A9: 06 | G9: =IF(F9="Car / Van",0.55,(IF(F9="Motorcycle",0.24,""))) | J9: =(H9*0.05)*I9 -> 0 | K9: =IFERROR(SUM((G9*I9),J9),"") | T9: =SUM(K9:S9) -> 0 | W9: =IFERROR(VLOOKUP(U9,'Data Validation'!$A$1:$B$22,2,FALSE)," ")
A10: 07 | G10: =IF(F10="Car / Van",0.55,(IF(F10="Motorcycle",0.24,""))) | J10: =(H10*0.05)*I10 -> 0 | K10: =IFERROR(SUM((G10*I10),J10),"") | T10: =SUM(K10:S10) -> 0 | W10: =IFERROR(VLOOKUP(U10,'Data Validation'!$A$1:$B$22,2,FALSE)," ")
A11: 08 | G11: =IF(F11="Car / Van",0.55,(IF(F11="Motorcycle",0.24,""))) | J11: =(H11*0.05)*I11 -> 0 | K11: =IFERROR(SUM((G11*I11),J11),"") | T11: =SUM(K11:S11) -> 0 | W11: =IFERROR(VLOOKUP(U11,'Data Validation'!$A$1:$B$22,2,FALSE)," ")
A12: 09 | G12: =IF(F12="Car / Van",0.55,(IF(F12="Motorcycle",0.24,""))) | J12: =(H12*0.05)*I12 -> 0 | K12: =IFERROR(SUM((G12*I12),J12),"") | T12: =SUM(K12:S12) -> 0 | W12: =IFERROR(VLOOKUP(U12,'Data Validation'!$A$1:$B$22,2,FALSE)," ")
A13: 10 | G13: =IF(F13="Car / Van",0.55,(IF(F13="Motorcycle",0.24,""))) | J13: =(H13*0.05)*I13 -> 0 | K13: =IFERROR(SUM((G13*I13),J13),"") | T13: =SUM(K13:S13) -> 0 | W13: =IFERROR(VLOOKUP(U13,'Data Validation'!$A$1:$B$22,2,FALSE)," ")
A14: 11 | G14: =IF(F14="Car / Van",0.55,(IF(F14="Motorcycle",0.24,""))) | J14: =(H14*0.05)*I14 -> 0 | K14: =IFERROR(SUM((G14*I14),J14),"") | T14: =SUM(K14:S14) -> 0 | W14: =IFERROR(VLOOKUP(U14,'Data Validation'!$A$1:$B$22,2,FALSE)," ")
A15: 12 | G15: =IF(F15="Car / Van",0.55,(IF(F15="Motorcycle",0.24,""))) | J15: =(H15*0.05)*I15 -> 0 | K15: =IFERROR(SUM((G15*I15),J15),"") | T15: =SUM(K15:S15) -> 0 | W15: =IFERROR(VLOOKUP(U15,'Data Validation'!$A$1:$B$22,2,FALSE)," ")
... A63: 60 | G63: =IF(F63="Car / Van",0.55,(IF(F63="Motorcycle",0.24,""))) | J63: =(H63*0.05)*I63 -> 0 | K63: =IFERROR(SUM((G63*I63),J63),"") | T63: =SUM(K63:S63) -> 0 | W63: =IFERROR(VLOOKUP(U63,'Data Validation'!$A$1:$B$22,2,FALSE)," ")

Sheet Data Validation
A1: Budget | B1: Holder | C1: Activity
A2: Leadership Team | B2: Will Hazell | C2: Badges
A3: Programme Team | B3: Tyler Jeffs | C3: Data & IT Infrastructure
A4: Support Team | B4: Will Hazell & Harry Huckin | C4: Equipment / Assets
A5: Volunteering Development Team | B5: Amy Bailey | C5: Event - DBC 2026
A6: 14-24 Team | B6: Thomas Newman | C6: Event - DCC 2026
A7: Trustee Board | B7: Nim Chapman-Cotter | C7: Mileage
A8: District Badge Shop | B8: Fliss Law | C8: Postage
A9: Spotley Wood Campsite | B9: Paul Harley | C9: Stationery
A10: Activities | B10: Tyler Jeffs | C10: Spotley - Compliance
A11: Events | B11: Tyler Jeffs | C11: Spotley - Improvements
A12: TB Agreed Spend | B12: Nim Chapman-Cotter | C12: Spotley - Maintenance
... A14: 14-24 - 14-24 Team | B14: Thomas Newman | C14: Other
A15: 14-24 - Cavatappi ESU | B15: Thomas Newman
A16: 14-24 - Gladiators ESU | B16: Geoff Brand
A17: 14-24 - Houghton Rangers ESU | B17: Andy Poynter
A18: 14-24 - Ulfhednar ESU | B18: Stuart Walton
A19: 14-24 - Vulcan ESU | B19: Chris Hazelby
A20: 14-24 - Network | B20: Annie Skippen
A21: 14-24 - DofE | B21: Thomas Newman
A22: Other (Specify in Notes)
